 Dungeon Crawl Stone Soup version 0.18.1-48-g4cf74bf (webtiles) character file.

3483 Gargoyl the Covered (level 9, -5/71 HPs)
             Began as a Demonspawn Abyssal Knight on Sept 8, 2016.
             Was a High Priest of Lugonu.
             Slain by an orc warrior
             ... wielding a +4 flail
              (11 damage)
             ... on level 7 of the Dungeon.
             The game lasted 00:14:14 (8609 turns).

Gargoyl the Covered (Demonspawn Abyssal Knight)     Turns: 8609, Time: 00:14:15

Health: -5/71      AC:  9    Str: 15    XL:     9   Next: 79%
Magic:  0/10       EV: 12    Int: 17    God:    Lugonu [*****.]
Gold:   254        SH:  8    Dex: 14    Spells: 0 memorised, 8 levels left

rFire  . . .     SeeInvis .     a - +1 hand axe
rCold  . . .     Gourm    .     o - +0 scale mail
rNeg   . . .     Faith    .     n - +0 buckler
rPois  .         Spirit   +     (helmet restricted)
rElec  .         Dismiss  .     (no cloak)
rCorr  .         Reflect  +     j - +0 pair of gloves
SustAt .         Harm     .     (no boots)
MR     .....                    y - +3 amulet of reflection
Stlth  +.........               u - ring of flight
                                p - +4 ring of intelligence

@: very slightly contaminated, invisible, not resistant to hostile enchantments,
very unstealthy
A: horns 2, spiny 1, magic shield
a: Depart the Abyss, Bend Space, Banish, Corrupt, Enter the Abyss, Renounce
Religion, Evoke Flight


You were on level 7 of the Dungeon.
You worshipped Lugonu.
Lugonu was extremely pleased with you.
You were not hungry.

You visited 1 branch of the dungeon, and saw 7 of its levels.
You visited the Abyss 1 time.

You collected 254 gold pieces.

Inventory:

Hand Weapons
 a - a +1 hand axe (weapon)
Missiles
 d - 6 javelins (quivered)
 i - 9 tomahawks
Armour
 j - a +0 pair of gloves (worn)
 n - a +0 buckler (worn)
 o - a +0 scale mail (worn)
Jewellery
 p - a +4 ring of intelligence (left hand)
 u - a ring of flight (right hand)
 y - a +3 amulet of reflection (around neck)
Wands
 k - a wand of lightning (15/15)
 v - a wand of acid (6/15)
Scrolls
 e - a scroll of recharging
 s - a scroll of fear
 t - 3 scrolls of remove curse
 B - a scroll of identify
Books
 w - a Fen Folio

   Spells                             Type                      Level
   a - Corpse Rot                     Necromancy                   2
   b - Stone Arrow                    Conjuration/Earth            3
   c - Leda's Liquefaction            Hexes/Earth                  4
   d - Summon Forest                  Summoning/Translocation      5
   e - Hydra Form                     Transmutation                6
   f - Summon Hydra                   Summoning                    7
Comestibles
 c - 4 bread rations
 f - 2 beef jerkies
 h - 4 fruits
 l - 2 meat rations
 m - a royal jelly
 C - 2 chunks of flesh


   Skills:
 + Level 6.4 Fighting
 + Level 5.3 Axes
 + Level 0.5 Throwing
 * Level 7.7 Armour
 + Level 6.0 Dodging
 + Level 1.8 Stealth
 + Level 3.3 Shields
 + Level 2.5 Invocations


You had 8 spell levels left.
You didn't know any spells.

Dungeon Overview and Level Annotations

Branches:
Dungeon (7/15)             Temple (0/1) D:4

Altars:
Elyvilon
Fedhas
Gozag
Pakellas
Trog


Innate Abilities, Weirdness & Mutations

You have a pair of horns on your head.
You are partially covered in sharp spines.
When hurt, damage is shared between your health and your magic reserves.


Message History

The orc warrior is lightly wounded.
You closely miss the orc warrior.
The orc warrior is moderately wounded.
You hit the orc priest.
The orc priest is almost dead.
You block the orc priest's attack.
The orc warrior is struck by your spines.
The orc warrior misses you.
You strike the helpless orc warrior from behind!
You hit the orc warrior.
The orc warrior is moderately wounded.
You strike the helpless orc priest from behind!
You hit the orc priest.
You kill the orc priest!
Lugonu accepts your kill.
You hit the orc warrior but do no damage.
The orc warrior is moderately wounded.
You block the orc warrior's attack.
The orc warrior hits you with an enchanted flail!
You die...

,,*,,,,**** *,,,,,,*******,,,,,,,
,,,,,,,,,,* *,,,,,,*#...,,,,,,,,,
,,,,,,,**,***,,,,,,.....,,,,,,,,,
,,,,,,,**.,,*,,,,...........,,,,,
,,,,,,,,,..,,,,,,...........,,,,,
,,,,,,*,,...,,,,,........$..,,,,,
,,,,,,*,,....#####...........,,,,
,,,,,,*,,......).............,,,,
*,,,,***,##.....@............,,,,
*,,,,,,,,......oo[.##.......,,..,
,,,,,,,,,.....o..................
,,,,,,,,,........o......##.....#.
,,,,,,,,,...............####.....
,,,,,,,,,...........)............
,,,,,,,,,o........###............
,,,,,,,,,........................
,,,,,,,,*#.........##............


You could see 2 orc warriors, an orc priest, an orc wizard and an orc
(wandering).

Vanquished Creatures
  A hill giant (D:7)
  Grinder (D:3)
  Prince Ribbit (D:5)
  Sigmund (D:3)
  A hippogriff (D:7)
  Edmund (D:3)
  Menkaure (D:5)
  Duvessa (D:4)
  An ice beast (D:6)
  3 centaurs (D:6)
  2 ogres
  The ghost of drd the Cudgeler, an amateur DsGl of Trog (D:3)
  3 phantoms
  Blork the orc (D:6)
  A big kobold (D:7)
  Dowan (D:4)
  A wyvern skeleton (D:4)
  A scorpion (D:4)
  A crimson imp (D:6)
  2 hounds
  A gnoll shaman (D:4)
  4 orc priests
  5 orc wizards
  2 iguanas
  4 worker ants
  A hound zombie (D:6)
  5 gnolls
  10 adders
  2 shadow imps (D:5)
  2 oozes
  2 adder skeletons
  An adder zombie (D:5)
  5 worms
  3 dart slugs
  8 giant geckos
  18 orcs
  7 bats
  4 giant cockroaches
  8 goblins
  5 hobgoblins
  17 jackals
  A quokka (D:5)
  A giant cockroach zombie (D:5)
  2 giant gecko skeletons
  7 giant newts
  14 kobolds
  9 rats
174 creatures vanquished.

Notes
Turn   | Place    | Note
--------------------------------------------------------------
     0 | Abyss:1  | Gargoyl the Demonspawn Abyssal Knight began the quest for the Orb.
     0 | Abyss:1  | Reached XP level 1. HP: 18/18 MP: 2/2
    29 | Abyss:1  | Noticed a large abomination
    34 | Abyss:1  | Noticed a large abomination
    37 | D:1      | Escaped the Abyss
   235 | D:1      | Reached * piety under Lugonu
   515 | D:1      | Gained mutation: You have a pair of small horns on your head. [demonic ancestry]
   515 | D:1      | Reached XP level 2. HP: 24/24 MP: 3/3
   588 | D:1      | Reached skill level 1 in Dodging
   608 | D:1      | Reached skill level 2 in Armour
   610 | D:1      | HP: 1/24 [jackal (1)]
  1029 | D:1      | Reached XP level 3. HP: 23/30 MP: 4/4
  1665 | D:2      | Reached ** piety under Lugonu
  1850 | D:2      | Reached XP level 4. HP: 33/37 MP: 5/5
  2014 | D:2      | Found a faded altar to an unknown god.
  2716 | D:3      | Gained mutation: You have a pair of horns on your head. [demonic ancestry]
  2716 | D:3      | Reached XP level 5. HP: 42/42 MP: 6/6
  2730 | D:3      | Noticed drd's ghost (amateur DsGl)
  3015 | D:3      | Killed drd's ghost
  3015 | D:3      | Reached skill level 3 in Armour
  3415 | D:3      | Reached XP level 6. HP: 30/49 MP: 7/7
  3536 | D:3      | Noticed Sigmund
  3538 | D:3      | Reached *** piety under Lugonu
  3553 | D:3      | Killed Sigmund
  3553 | D:3      | Reached skill level 4 in Armour
  3708 | D:3      | Found an opulent altar of Gozag.
  3918 | D:3      | Gained mutation: You are partially covered in sharp spines. [demonic ancestry]
  3918 | D:3      | Reached XP level 7. HP: 49/55 MP: 8/8
  3967 | D:4      | Noticed Edmund
  3967 | D:4      | Noticed Grinder
  3984 | D:3      | Killed Edmund
  4180 | D:4      | Noticed Duvessa
  4206 | D:4      | Noticed Dowan
  4214 | D:3      | Reached skill level 5 in Armour
  4273 | D:3      | Paralysed by Grinder for 6 turns
  4288 | D:3      | HP: 1/55 [Grinder/nerve-wracking pain (4)]
  4289 | D:3      | Paralysed by Grinder for 2 turns
  4290 | D:3      | Killed Grinder
  4290 | D:3      | Reached skill level 5 in Fighting
  4651 | D:4      | Reached skill level 1 in Shields
  4659 | D:4      | Killed Duvessa
  4659 | D:4      | Reached XP level 8. HP: 14/62 MP: 9/9
  4659 | D:4      | Killed Dowan
  5122 | D:4      | Found a staircase to the Ecumenical Temple.
  5126 | D:4      | Reached skill level 1 in Stealth
  5816 | D:4      | Reached skill level 6 in Armour
  6049 | D:5      | Entered Level 5 of the Dungeon
  6498 | D:5      | Found a bloodstained altar of Trog.
  6560 | D:5      | Reached **** piety under Lugonu
  6659 | D:5      | Noticed Prince Ribbit
  6666 | D:5      | Killed Prince Ribbit
  6922 | D:5      | Noticed Menkaure
  6932 | D:5      | Killed Menkaure
  6932 | D:5      | Reached skill level 5 in Dodging
  7247 | D:6      | Gained mutation: When hurt, damage is shared between your health and your magic reserves. [demonic ancestry]
  7247 | D:6      | Reached XP level 9. HP: 64/69 MP: 10/10
  7317 | D:6      | Reached skill level 7 in Armour
  7490 | D:6      | Found an oddly glowing altar of Pakellas.
  7491 | D:6      | Found a white marble altar of Elyvilon.
  7491 | D:6      | Found a blossoming altar of Fedhas.
  8143 | D:6      | Noticed Blork the orc
  8150 | D:6      | Killed Blork the orc
  8307 | D:7      | Reached skill level 5 in Axes
  8515 | D:7      | Noticed a hill giant
  8535 | D:7      | Killed a hill giant
  8606 | D:7      | Reached ***** piety under Lugonu
  8609 | D:7      | Slain by an orc warrior

Skill      XL: |  1  2  3  4  5  6  7  8  9 |
---------------+----------------------------+-----
Dodging        | 1 2 3 5 6 |  6.0
Armour         | 2 3 4 5 6 7 |  7.7
Axes           | 2 3 4 5 |  5.3
Fighting       | 4 5 6 |  6.4
Shields        | 1 3 |  3.3
Stealth        | 1 |  1.8
Throwing       | |  0.5
Invocations    | |  2.5

Action                   |  1- 3 |  4- 6 |  7- 9 || total
-------------------------+-------+-------+-------++-------
Melee: Hand axe          |   135 |   158 |   286 ||   579
       Headbutt          |    13 |    22 |    55 ||    90
Throw: Javelin           |       |     1 |     2 ||     3
Invok: Depart the Abyss  |     1 |       |       ||     1
  Use: Scroll            |     4 |       |     8 ||    12
       Potion            |       |     1 |     7 ||     8
 Stab: Invisible         |       |       |     6 ||     6
  Eat: Chunk             |     3 |     3 |    13 ||    19
       Bread ration      |       |     1 |       ||     1
       Royal jelly       |       |       |     1 ||     1
Armor: Leather armour    |    30 |       |       ||    30
       Ring mail         |    28 |    83 |    26 ||   137
       Skin              |       |       |    20 ||    20
       Scale mail        |       |       |    66 ||    66
Dodge: Dodged            |   111 |   105 |   135 ||   351
Block: Buckler           |       |    18 |    90 ||   108
       Reflection        |       |       |     4 ||     4
